Login

Philadelphia Flyers vs Ottawa Senators

Created - 27 March 2024 at 23:16

Goals
1 2 3 T
Philadelphia Flyers 1 3 1 5
Ottawa Senators 1 0 0 1
Shots
1 2 3 T
Philadelphia Flyers 13 20 6 39
Ottawa Senators 13 11 18 42

GoalsPenalties
1st period
1. Philadelphia Flyers , Ryan Donato 1 (Mark Kastelic 1) at 7:32 (SH)
2. Ottawa Senators , Claude Giroux 3 (Brady Tkachuk 6) at 7:51 (PP)
Vince Dunn (PHI) for Tripping (Minor) at 7:23
2nd period
3. Philadelphia Flyers , Travis Konecny 8 (Jonathan Toews 6, Vince Dunn 9) at 8:02
4. Philadelphia Flyers , Noah Cates 3 (Travis Konecny 4, Jonathan Toews 7) at 16:57 (PP)
5. Philadelphia Flyers , Jack Drury 2 (Garnet Hathaway 2, Scott Laughton 4) at 17:41
Nick Seeler (OTT) for Tripping (Minor) at 0:03
Brady Tkachuk (OTT) for Fighting (Major) at 11:36
Cal Foote (PHI) for Fighting (Major) at 11:36
Brady Tkachuk (OTT) for instigated a fight (Minor) at 11:36
Brady Tkachuk (OTT) for instigated a fight (10 Minutes Misconduct) at 11:36
Erik Gudbranson (OTT) for Interference (Minor) at 16:55
Miles Wood (PHI) for Holding (Minor) at 19:48
3rd period
6. Philadelphia Flyers , Mark Kastelic 2 (Christian Fischer 1, Travis Sanheim 3) at 7:04
Brady Tkachuk (OTT) for Fighting (Major) at 7:41
Garnet Hathaway (PHI) for Fighting (Major) at 7:41
Goalie Stats
Samuel Ersson (PHI), 41 saves from 42 shots - (0.976), W, 2-2-0, 60:00 minutes
Jeremy Swayman (OTT), 34 saves from 39 shots - (0.872), L, 3-3-1, 60:00 minutes
3 StarsOfficial
1 - Samuel Ersson (PHI)
2 - Mark Kastelic (PHI)
3 - Travis Konecny (PHI)
Referees : Brad Meier and Jon McIsaac
Linesman : Shaun Morgan and Steve Barton
Game Note
Brady Tkachuk beats up Cal Foote at 11:36 of 2nd period
Brady Tkachuk beats up Garnet Hathaway at 7:41 of 3rd period
Finance
Level 1 -- Attendance: 5383 (89.72%) -- Ticket Income $538,300
Level 2 -- Attendance: 4532 (90.64%) -- Ticket Income $271,920
Level 3 -- Attendance: 1894 (94.70%) -- Ticket Income $66,290
Level 4 -- Attendance: 3358 (83.95%) -- Ticket Income $83,950
Luxury Box -- Attendance: 1000 (100.00%) -- Ticket Income $200,000
Game was played at the Canadian Tire Centre.
Total Attendance: 16167 (89.82%)
Total Ticket Income: $1,160,460
Other Income: $568,625
Total Income: $1,729,085



Team Name Goals Shots Shots Attemp Shots Blocked PIM HIT PP PK FO%
Philadelphia Flyers 53966514281 / 3 (33%)153%
Ottawa Senators 142671026121 / 2 (50%)147%

Philadelphia Flyers
Player Name POS G A P +/- PIM HIT SHT SB MP PP MP PP SHT PK MP PK SHT FO% FOT GA TA
Cal FooteD0001510016:030:4800:2800% 001
Cam YorkD0001000018:231:5200:4000% 000
Christian FischerRW011103308:460:0000:0000% 000
Garnet HathawayRW0111512016:541:5701:2500% 001
Jack DruryC1011014017:131:5710:1300% 000
Jonathan ToewsC0221022018:222:0300:00058% 2400
Josh NorrisC0000022016:451:5700:0000% 000
Mark KastelicC1122031010:120:0001:34050% 800
Miles WoodLW0000200013:430:0000:0000% 000
Morgan FrostC0000023013:330:0000:00030% 1000
Noah CatesLW1011011019:062:0310:500100% 210
Ryan DonatoLW101200109:230:0000:3210% 000
Scott LaughtonC0111013115:120:0000:20050% 1410
Sean WalkerD0001021116:580:0001:1900% 000
Travis HamonicD0002042022:540:0001:3800% 000
Travis KonecnyRW1121039018:222:0310:000100% 110
Travis SanheimD0111001020:082:0800:4900% 012
Vince DunnD0112224325:323:1210:0000% 010
Ottawa Senators
Player Name POS G A P +/- PIM HIT SHT SB MP PP MP PP SHT PK MP PK SHT FO% FOT GA TA
Artem ZubD0000004016:050:0000:1500% 001
Brady TkachukLW011-32222013:020:2800:0000% 010
Brandon SaadLW0000012014:040:5700:1500% 001
Claude GirouxC101-3007019:031:3710:06047% 3020
Drake BathersonRW000-3021018:571:3700:00050% 200
Erik GudbransonD000-1212120:530:0002:3400% 000
Evgenii DadonovRW0000011012:270:1200:0000% 000
Jake MuzzinD0000002016:320:0001:0400% 000
Jake SandersonD000-3000321:571:0601:2400% 000
Mathieu JosephRW0000001010:380:5402:2100% 100
Nick SeelerD000-1203119:560:0001:1900% 001
Noah DobsonD000-3011021:591:3001:2400% 001
Owen TippettLW000-1021217:290:3800:0000% 100
Parker KellyLW0000012011:020:1701:2410% 000
Ryan PoehlingC000000308:300:0000:49067% 300
Shane PintoC0000003115:320:5002:21050% 1000
Tim StutzleC000-1005020:501:3100:44050% 1201
Vladimir TarasenkoRW000-1012217:000:3800:0000% 010

Philadelphia Flyers

5 vs 5 Forward
Line #Left WingCenterRight WingPHYDFOFWanted %Time %Time Play
1Noah CatesJonathan ToewsTravis Konecny1223231%16:30
2Jack DruryScott LaughtonGarnet Hathaway1223028%14:52
3Miles WoodMorgan FrostJosh Norris1222825%13:33
4Ryan DonatoMark KastelicChristian Fischer1221016%8:38
5 vs 5 Defense
Line #DefenseDefensePHYDFOFWanted %Time %Time Play
1Vince DunnTravis Hamonic1224040%21:37
2Travis SanheimCal Foote1223031%16:24
3Sean WalkerCam York1222020%10:41
4Sean WalkerCam York122109%4:51
Power Play Forward
Line #Left WingCenterRight WingPHYDFOFWanted %Time %Time Play
1Noah CatesJonathan ToewsTravis Konecny1226051%2:03
2Jack DruryJosh NorrisGarnet Hathaway1224049%1:57
Power Play Defense
Line #DefenseDefensePHYDFOFWanted %Time %Time Play
1Vince DunnTravis Sanheim1226053%2:08
2Cam YorkCal Foote1224047%1:52
Penalty Kill 4 Players Forward
Line #CenterWingPHYDFOFWanted %Time %Time Play
1Mark KastelicGarnet Hathaway1226086%2:07
2Scott LaughtonNoah Cates1224014%0:20
Penalty Kill 4 Players Defense
Line #DefenseDefensePHYDFOFWanted %Time %Time Play
1Sean WalkerTravis Hamonic1226067%1:38
2Travis SanheimCam York1224033%0:49
Penalty Kill 3 Players
Line #WingPHYDFOFWanted %Time %Time PlayDefenseDefensePHYDFOFWanted %Time %Time Play
1Mark Kastelic122600%0:00 Sean WalkerTravis Hamonic122600%0:00
2Scott Laughton122400%0:00 Travis SanheimCam York122400%0:00
4 vs 4 Forward
Line #CenterWingPHYDFOFWanted %Time %Time Play
1Jonathan ToewsTravis Konecny122600%0:00
2Josh NorrisNoah Cates122400%0:00
4 vs 4 Defense
Line #DefensePHYDFOFWanted %Time %Time Play
1Vince DunnTravis Sanheim122600%0:00
2Cam YorkCal Foote122400%0:00
Last Minutes Offensive
Left WingCenterRight WingDefenseDefense
Noah CatesJonathan ToewsTravis KonecnyVince DunnCam York
Last Minutes Defensive
Left WingCenterRight WingDefenseDefense
Noah CatesScott LaughtonTravis KonecnyTravis SanheimTravis Hamonic
Time
Total ForwardTotal DefenseLast Minutes OffensiveLast Minutes Defensive
60:00 60:00 0:000:00
Extra Forwards
Normal PowerPlayPenalty Kill
Josh Norris, Morgan Frost, Ryan DonatoJosh Norris, Morgan FrostRyan Donato
Extra Defensemen
Normal PowerPlayPenalty Kill
Travis Sanheim, Cam York, Travis HamonicTravis Sanheim, Cam YorkTravis Hamonic
Penalty Shots
Travis Konecny, Scott Laughton, Josh Norris, Noah Cates, Morgan Frost
Goalie
Samuel Ersson, Matt Murray
Custom OT Lines Forwards
Travis Konecny, Scott Laughton, Jonathan Toews, Josh Norris, Noah Cates, Morgan Frost, Jack Drury, Ryan Donato, Christian Fischer, Miles Wood
Custom OT Lines Defensemen
Vince Dunn, Cam York, Travis Sanheim, Travis Hamonic, Cal Foote
Scratches
Nicolas Deslauriers (Healthy), Joel Farabee (Suspend), Egor Zamula (Healthy)

Ottawa Senators

5 vs 5 Forward
Line #Left WingCenterRight WingPHYDFOFWanted %Time %Time Play
1Brady TkachukClaude GirouxDrake Batherson1223832%17:24
2Owen TippettTim StutzleVladimir Tarasenko1223731%16:41
3Brandon SaadShane PintoEvgenii Dadonov1221723%12:06
4Parker KellyRyan PoehlingMathieu Joseph221814%7:22
5 vs 5 Defense
Line #DefenseDefensePHYDFOFWanted %Time %Time Play
1Jake SandersonNoah Dobson1223836%19:28
2Nick SeelerErik Gudbranson1313535%18:37
3Jake MuzzinArtem Zub1312728%14:57
4Jake MuzzinErik Gudbranson12201%0:31
Power Play Forward
Line #Left WingCenterRight WingPHYDFOFWanted %Time %Time Play
1Brady TkachukClaude GirouxDrake Batherson1046074%1:49
2Owen TippettShane PintoVladimir Tarasenko1044026%0:38
Power Play Defense
Line #DefenseDefensePHYDFOFWanted %Time %Time Play
1Tim StutzleNoah Dobson1046055%1:21
2Brandon SaadJake Sanderson1044045%1:06
Penalty Kill 4 Players Forward
Line #CenterWingPHYDFOFWanted %Time %Time Play
1Shane PintoMathieu Joseph1406080%3:11
2Ryan PoehlingParker Kelly2304020%0:49
Penalty Kill 4 Players Defense
Line #DefenseDefensePHYDFOFWanted %Time %Time Play
1Nick SeelerErik Gudbranson1406065%2:36
2Jake SandersonNoah Dobson1404035%1:24
Penalty Kill 3 Players
Line #WingPHYDFOFWanted %Time %Time PlayDefenseDefensePHYDFOFWanted %Time %Time Play
1Ryan Poehling140600%0:00 Nick SeelerErik Gudbranson140600%0:00
2Tim Stutzle140400%0:00 Jake SandersonNoah Dobson140400%0:00
4 vs 4 Forward
Line #CenterWingPHYDFOFWanted %Time %Time Play
1Claude GirouxBrady Tkachuk212600%0:00
2Tim StutzleDrake Batherson023400%0:00
4 vs 4 Defense
Line #DefensePHYDFOFWanted %Time %Time Play
1Jake MuzzinErik Gudbranson122600%0:00
2Jake SandersonNoah Dobson122400%0:00
Last Minutes Offensive
Left WingCenterRight WingDefenseDefense
Brady TkachukClaude GirouxTim StutzleJake SandersonNoah Dobson
Last Minutes Defensive
Left WingCenterRight WingDefenseDefense
Owen TippettClaude GirouxMathieu JosephJake SandersonErik Gudbranson
Time
Total ForwardTotal DefenseLast Minutes OffensiveLast Minutes Defensive
60:00 60:00 0:000:00
Extra Forwards
Normal PowerPlayPenalty Kill
Tim Stutzle, Claude Giroux, Brady TkachukTim Stutzle, Mathieu JosephTim Stutzle
Extra Defensemen
Normal PowerPlayPenalty Kill
Jake Sanderson, Erik Gudbranson, Artem ZubJake Sanderson, Jake MuzzinArtem Zub
Penalty Shots
Drake Batherson, Vladimir Tarasenko, Tim Stutzle, Claude Giroux, Brady Tkachuk
Goalie
Jeremy Swayman, Joey Daccord
Custom OT Lines Forwards
Tim Stutzle, Claude Giroux, Brady Tkachuk, Drake Batherson, Vladimir Tarasenko, Owen Tippett, Brandon Saad, Shane Pinto, Evgenii Dadonov, Mathieu Joseph
Custom OT Lines Defensemen
Noah Dobson, Jake Sanderson, Erik Gudbranson, Nick Seeler, Artem Zub
Scratches
Beck Malenstyn (Healthy), Max Pacioretty (Healthy), Logan Stanley (Healthy)


Play-by-Play

1st period


0:01 of 1st period - Claude Giroux wins face-off versus Jonathan Toews in neutral zone.
1:01 of 1st period - Miles Wood is hit by Noah Dobson and loses puck.
1:55 of 1st period - Snap shot by Ryan Poehling.
1:55 of 1st period - Deflect By Mathieu Joseph.
1:55 of 1st period - Shot Misses the Net.
1:55 of 1st period - Puck is out of play.
1:56 of 1st period - Claude Giroux wins face-off versus Jonathan Toews in Philadelphia Flyers zone.
2:09 of 1st period - Slapshot by Claude Giroux.
2:09 of 1st period - Deflect By Vince Dunn.
2:09 of 1st period - Stopped by Samuel Ersson without a rebound.
2:10 of 1st period - Tim Stutzle wins face-off versus Morgan Frost in Philadelphia Flyers zone.
2:31 of 1st period - Jake Muzzin is hit by Morgan Frost and loses puck.
2:50 of 1st period - Sean Walker is hit by Owen Tippett.
3:06 of 1st period - Morgan Frost is hit by Owen Tippett and loses puck.
3:15 of 1st period - Wrist shot by Vladimir Tarasenko.
3:15 of 1st period - Shot Misses the Net.
3:17 of 1st period - Snap shot by Tim Stutzle.
3:17 of 1st period - Shot Misses the Net.
3:31 of 1st period - Snap shot by Josh Norris.
3:31 of 1st period - Stopped by Jeremy Swayman with a rebound.
3:50 of 1st period - Wrist shot by Tim Stutzle.
3:50 of 1st period - Stopped by Samuel Ersson with a rebound.
3:52 of 1st period - Wrist shot by Owen Tippett.
3:52 of 1st period - Shot Misses the Net.
4:28 of 1st period - Wrist shot by Tim Stutzle.
4:28 of 1st period - Shot Misses the Net.
5:32 of 1st period - Slapshot by Morgan Frost.
5:32 of 1st period - Stopped by Jeremy Swayman with a rebound.
5:38 of 1st period - Tim Stutzle is hit by Sean Walker and loses puck.
5:50 of 1st period - Wrist shot by Owen Tippett.
5:50 of 1st period - Stopped by Samuel Ersson without a rebound.
5:51 of 1st period - Jonathan Toews wins face-off versus Claude Giroux in Philadelphia Flyers zone.
5:56 of 1st period - Travis Konecny is hit by Brady Tkachuk and loses puck.
6:19 of 1st period - Wrist shot by Shane Pinto.
6:19 of 1st period - Stopped by Samuel Ersson with a rebound.
6:21 of 1st period - Slapshot by Erik Gudbranson.
6:21 of 1st period - Stopped by Samuel Ersson with a rebound.
7:23 of 1st period - Minor Penalty to Vince Dunn for Tripping.
7:24 of 1st period - Mark Kastelic wins face-off versus Drake Batherson in Philadelphia Flyers zone.
7:32 of 1st period - Wrist shot by Ryan Donato.
7:32 of 1st period - Goal by Ryan Donato - Philadelphia Flyers : 1 - Ottawa Senators : 0.
7:33 of 1st period - Mark Kastelic wins face-off versus Claude Giroux in neutral zone.
7:45 of 1st period - Off-side.
7:46 of 1st period - Claude Giroux wins face-off versus Mark Kastelic in neutral zone.
7:51 of 1st period - Snap shot by Claude Giroux.
7:51 of 1st period - Goal by Claude Giroux - Philadelphia Flyers : 1 - Ottawa Senators : 1.
7:52 of 1st period - Travis Konecny wins face-off versus Claude Giroux in neutral zone.
8:01 of 1st period - Wrist shot by Claude Giroux.
8:01 of 1st period - Deflect By Brady Tkachuk.
8:01 of 1st period - Stopped by Samuel Ersson without a rebound.
8:02 of 1st period - Claude Giroux wins face-off versus Jonathan Toews in Philadelphia Flyers zone.
8:07 of 1st period - Slapshot by Claude Giroux.
8:07 of 1st period - Stopped by Samuel Ersson without a rebound.
8:08 of 1st period - Jonathan Toews wins face-off versus Claude Giroux in Philadelphia Flyers zone.
8:35 of 1st period - Travis Sanheim is hit by Evgenii Dadonov and loses puck.
8:42 of 1st period - Slapshot by Scott Laughton.
8:42 of 1st period - Shot Misses the Net.
8:44 of 1st period - Backhand shot by Garnet Hathaway.
8:44 of 1st period - Stopped by Jeremy Swayman with a rebound.
10:00 of 1st period - Shane Pinto is hit by Josh Norris and loses puck.
10:21 of 1st period - Snap shot by Travis Konecny.
10:21 of 1st period - Shot Misses the Net.
10:30 of 1st period - Off-side.
10:31 of 1st period - Scott Laughton wins face-off versus Claude Giroux in neutral zone.
10:36 of 1st period - Snap shot by Scott Laughton.
10:36 of 1st period - Shot Blocked by Jake Sanderson.
10:38 of 1st period - Wrist shot by Garnet Hathaway.
10:38 of 1st period - Shot Misses the Net.
10:47 of 1st period - Wrist shot by Scott Laughton.
10:47 of 1st period - Stopped by Jeremy Swayman with a rebound.
11:46 of 1st period - Wrist shot by Scott Laughton.
11:46 of 1st period - Stopped by Jeremy Swayman with a rebound.
11:48 of 1st period - Backhand shot by Cal Foote.
11:48 of 1st period - Shot Blocked by Erik Gudbranson.
12:25 of 1st period - Ryan Poehling is hit by Travis Hamonic and loses puck.
12:38 of 1st period - Slapshot by Travis Konecny.
12:38 of 1st period - Stopped by Jeremy Swayman without a rebound.
12:39 of 1st period - Jonathan Toews wins face-off versus Claude Giroux in Ottawa Senators zone.
14:09 of 1st period - Icing by Claude Giroux.
14:10 of 1st period - Claude Giroux wins face-off versus Jonathan Toews in Ottawa Senators zone.
14:23 of 1st period - Owen Tippett is hit by Jonathan Toews and loses puck.
14:36 of 1st period - Snap shot by Drake Batherson.
14:36 of 1st period - Shot Misses the Net.
15:00 of 1st period - Snap shot by Brandon Saad.
15:00 of 1st period - Stopped by Samuel Ersson with a rebound.
15:02 of 1st period - Snap shot by Brandon Saad.
15:02 of 1st period - Shot Misses the Net.
15:04 of 1st period - Snap shot by Shane Pinto.
15:04 of 1st period - Shot Misses the Net.
15:06 of 1st period - Backhand shot by Jake Muzzin.
15:06 of 1st period - Deflect By Shane Pinto.
15:06 of 1st period - Shot Blocked by Vince Dunn.
15:06 of 1st period - Puck is out of play.
15:07 of 1st period - Jonathan Toews wins face-off versus Claude Giroux in Philadelphia Flyers zone.
16:22 of 1st period - Snap shot by Drake Batherson.
16:22 of 1st period - Shot Misses the Net.
16:30 of 1st period - Backhand shot by Claude Giroux.
16:30 of 1st period - Stopped by Samuel Ersson without a rebound.
16:31 of 1st period - Claude Giroux wins face-off versus Scott Laughton in Philadelphia Flyers zone.
16:34 of 1st period - Wrist shot by Brady Tkachuk.
16:34 of 1st period - Stopped by Samuel Ersson without a rebound.
16:35 of 1st period - Claude Giroux wins face-off versus Scott Laughton in Philadelphia Flyers zone.
17:02 of 1st period - Snap shot by Travis Konecny.
17:02 of 1st period - Shot Blocked by Owen Tippett.
17:04 of 1st period - Slapshot by Jonathan Toews.
17:04 of 1st period - Stopped by Jeremy Swayman with a rebound.
17:06 of 1st period - Snap shot by Jonathan Toews.
17:06 of 1st period - Shot Misses the Net.
17:08 of 1st period - Wrist shot by Jonathan Toews.
17:08 of 1st period - Shot Misses the Net.
17:10 of 1st period - Wrist shot by Travis Konecny.
17:10 of 1st period - Shot Misses the Net.
17:12 of 1st period - Slapshot by Jonathan Toews.
17:12 of 1st period - Stopped by Jeremy Swayman with a rebound.
17:14 of 1st period - Snap shot by Travis Konecny.
17:14 of 1st period - Stopped by Jeremy Swayman without a rebound.
17:15 of 1st period - Morgan Frost wins face-off versus Claude Giroux in Ottawa Senators zone.
17:50 of 1st period - Wrist shot by Morgan Frost.
17:50 of 1st period - Shot Misses the Net.
17:52 of 1st period - Snap shot by Sean Walker.
17:52 of 1st period - Deflect By Noah Dobson.
17:52 of 1st period - Stopped by Jeremy Swayman with a rebound.
18:34 of 1st period - Wrist shot by Christian Fischer.
18:34 of 1st period - Stopped by Jeremy Swayman without a rebound.
18:35 of 1st period - Mark Kastelic wins face-off versus Mathieu Joseph in Ottawa Senators zone.
18:35 of 1st period - Mark Kastelic is hit by Parker Kelly.
18:43 of 1st period - Wrist shot by Ryan Poehling.
18:43 of 1st period - Stopped by Samuel Ersson with a rebound.
18:45 of 1st period - Slapshot by Erik Gudbranson.
18:45 of 1st period - Shot Blocked by Vince Dunn.
18:47 of 1st period - Slapshot by Mathieu Joseph.
18:47 of 1st period - Stopped by Samuel Ersson without a rebound.
18:48 of 1st period - Claude Giroux wins face-off versus Jonathan Toews in Philadelphia Flyers zone.
19:21 of 1st period - Wrist shot by Owen Tippett.
19:21 of 1st period - Shot Blocked by Scott Laughton.
19:24 of 1st period - Icing by Garnet Hathaway.
19:25 of 1st period - Scott Laughton wins face-off versus Owen Tippett in Philadelphia Flyers zone.
19:30 of 1st period - Vladimir Tarasenko is hit by Garnet Hathaway and loses puck.
19:55 of 1st period - Snap shot by Vince Dunn.
19:55 of 1st period - Shot Blocked by Jake Sanderson.
19:57 of 1st period - Backhand shot by Travis Hamonic.
19:57 of 1st period - Shot Misses the Net.
19:59 of 1st period - Slapshot by Travis Hamonic.
19:59 of 1st period - Stopped by Jeremy Swayman with a rebound.
Goals for this period are 1 for Philadelphia Flyers vs 1 for Ottawa Senators.
Shots for this period are 13 for Philadelphia Flyers vs 13 for Ottawa Senators.

2nd period


0:01 of 2nd period - Claude Giroux wins face-off versus Jonathan Toews in neutral zone.
0:03 of 2nd period - Minor Penalty to Nick Seeler for Tripping.
0:04 of 2nd period - Jonathan Toews wins face-off versus Shane Pinto in Ottawa Senators zone.
0:18 of 2nd period - Travis Konecny is hit by Erik Gudbranson and loses puck.
2:03 of 2nd period - Penalty to Nick Seeler is over, Nick Seeler is back on ice.
2:19 of 2nd period - Ryan Donato is hit by Brady Tkachuk and loses puck.
3:35 of 2nd period - Snap shot by Brandon Saad.
3:35 of 2nd period - Stopped by Samuel Ersson without a rebound.
3:36 of 2nd period - Scott Laughton wins face-off versus Shane Pinto in Philadelphia Flyers zone.
4:01 of 2nd period - Off-side.
4:02 of 2nd period - Claude Giroux wins face-off versus Mark Kastelic in neutral zone.
4:37 of 2nd period - Snap shot by Vladimir Tarasenko.
4:37 of 2nd period - Stopped by Samuel Ersson with a rebound.
5:01 of 2nd period - Snap shot by Mathieu Joseph.
5:01 of 2nd period - Shot Misses the Net.
5:13 of 2nd period - Slapshot by Vince Dunn.
5:13 of 2nd period - Stopped by Jeremy Swayman with a rebound.
5:42 of 2nd period - Wrist shot by Travis Konecny.
5:42 of 2nd period - Stopped by Jeremy Swayman with a rebound.
5:44 of 2nd period - Wrist shot by Travis Konecny.
5:44 of 2nd period - Stopped by Jeremy Swayman without a rebound.
5:45 of 2nd period - Jonathan Toews wins face-off versus Tim Stutzle in Ottawa Senators zone.
6:02 of 2nd period - Wrist shot by Travis Konecny.
6:02 of 2nd period - Shot Misses the Net.
6:34 of 2nd period - Slapshot by Mathieu Joseph.
6:34 of 2nd period - Deflect By Parker Kelly.
6:34 of 2nd period - Shot Blocked by Sean Walker.
6:34 of 2nd period - Puck is out of play.
6:35 of 2nd period - Noah Cates wins face-off versus Ryan Poehling in Philadelphia Flyers zone.
7:02 of 2nd period - Drake Batherson is hit by Travis Hamonic and loses puck.
7:09 of 2nd period - Wrist shot by Jake Muzzin.
7:09 of 2nd period - Deflect By Garnet Hathaway.
7:09 of 2nd period - Stopped by Samuel Ersson without a rebound.
7:10 of 2nd period - Scott Laughton wins face-off versus Claude Giroux in Philadelphia Flyers zone.
7:37 of 2nd period - Nick Seeler is hit by Jonathan Toews and loses puck.
7:46 of 2nd period - Snap shot by Travis Konecny.
7:46 of 2nd period - Stopped by Jeremy Swayman without a rebound.
7:47 of 2nd period - Claude Giroux wins face-off versus Jonathan Toews in Ottawa Senators zone.
7:58 of 2nd period - Slapshot by Vince Dunn.
7:58 of 2nd period - Shot Misses the Net.
8:00 of 2nd period - Snap shot by Jonathan Toews.
8:00 of 2nd period - Shot Misses the Net.
8:02 of 2nd period - Wrist shot by Travis Konecny.
8:02 of 2nd period - Goal by Travis Konecny - Philadelphia Flyers : 2 - Ottawa Senators : 1.
8:03 of 2nd period - Jonathan Toews wins face-off versus Claude Giroux in neutral zone.
8:03 of 2nd period - Travis Konecny is hit by Drake Batherson and loses puck.
8:39 of 2nd period - Wrist shot by Tim Stutzle.
8:39 of 2nd period - Stopped by Samuel Ersson with a rebound.
9:18 of 2nd period - Wrist shot by Claude Giroux.
9:18 of 2nd period - Shot Misses the Net.
9:20 of 2nd period - Snap shot by Nick Seeler.
9:20 of 2nd period - Stopped by Samuel Ersson without a rebound.
9:21 of 2nd period - Jonathan Toews wins face-off versus Claude Giroux in Philadelphia Flyers zone.
9:48 of 2nd period - Wrist shot by Claude Giroux.
9:48 of 2nd period - Shot Misses the Net.
9:50 of 2nd period - Snap shot by Claude Giroux.
9:50 of 2nd period - Stopped by Samuel Ersson without a rebound.
9:51 of 2nd period - Morgan Frost wins face-off versus Tim Stutzle in Philadelphia Flyers zone.
11:25 of 2nd period - Icing by Mark Kastelic.
11:26 of 2nd period - Ryan Poehling wins face-off versus Mark Kastelic in Philadelphia Flyers zone.
11:36 of 2nd period - Brady Tkachuk beats up Cal Foote.
11:36 of 2nd period - Penalty to Brady Tkachuk for Fighting.
11:36 of 2nd period - Penalty to Cal Foote for Fighting.
11:36 of 2nd period - Penalty to Brady Tkachuk for instigated a fight.
11:36 of 2nd period - Penalty to Brady Tkachuk for instigated a fight.
11:37 of 2nd period - Shane Pinto wins face-off versus Jonathan Toews in Philadelphia Flyers zone.
12:17 of 2nd period - Backhand shot by Vince Dunn.
12:17 of 2nd period - Stopped by Jeremy Swayman without a rebound.
12:18 of 2nd period - Jonathan Toews wins face-off versus Shane Pinto in Ottawa Senators zone.
12:19 of 2nd period - Wrist shot by Travis Konecny.
12:19 of 2nd period - Stopped by Jeremy Swayman without a rebound.
12:20 of 2nd period - Jonathan Toews wins face-off versus Shane Pinto in Ottawa Senators zone.
12:30 of 2nd period - Snap shot by Travis Konecny.
12:30 of 2nd period - Shot Blocked by Jake Sanderson.
13:06 of 2nd period - Nick Seeler is hit by Josh Norris and loses puck.
13:19 of 2nd period - Snap shot by Jack Drury.
13:19 of 2nd period - Shot Blocked by Shane Pinto.
13:21 of 2nd period - Snap shot by Jack Drury.
13:21 of 2nd period - Stopped by Jeremy Swayman without a rebound.
13:22 of 2nd period - Ryan Poehling wins face-off versus Jonathan Toews in Ottawa Senators zone.
13:22 of 2nd period - Ryan Poehling is hit by Noah Cates.
13:34 of 2nd period - Wrist shot by Parker Kelly.
13:34 of 2nd period - Stopped by Samuel Ersson with a rebound.
13:36 of 2nd period - Penalty to Brady Tkachuk is over, Tim Stutzle is send on ice.
13:46 of 2nd period - Snap shot by Tim Stutzle.
13:46 of 2nd period - Shot Misses the Net.
13:48 of 2nd period - Snap shot by Tim Stutzle.
13:48 of 2nd period - Shot Misses the Net.
13:50 of 2nd period - Wrist shot by Tim Stutzle.
13:50 of 2nd period - Stopped by Samuel Ersson with a rebound.
13:52 of 2nd period - Slapshot by Nick Seeler.
13:52 of 2nd period - Stopped by Samuel Ersson with a rebound.
13:54 of 2nd period - Slapshot by Erik Gudbranson.
13:54 of 2nd period - Stopped by Samuel Ersson without a rebound.
13:55 of 2nd period - Claude Giroux wins face-off versus Morgan Frost in Philadelphia Flyers zone.
14:22 of 2nd period - Evgenii Dadonov is hit by Scott Laughton and loses puck.
14:32 of 2nd period - Slapshot by Travis Sanheim.
14:32 of 2nd period - Stopped by Jeremy Swayman with a rebound.
14:34 of 2nd period - Wrist shot by Jack Drury.
14:34 of 2nd period - Shot Misses the Net.
14:36 of 2nd period - Slapshot by Travis Hamonic.
14:36 of 2nd period - Shot Misses the Net.
15:15 of 2nd period - Tim Stutzle is hit by Vince Dunn and loses puck.
15:42 of 2nd period - Slapshot by Vince Dunn.
15:42 of 2nd period - Stopped by Jeremy Swayman without a rebound.
15:43 of 2nd period - Scott Laughton wins face-off versus Claude Giroux in Ottawa Senators zone.
16:10 of 2nd period - Artem Zub is hit by Travis Konecny and loses puck.
16:31 of 2nd period - Snap shot by Evgenii Dadonov.
16:31 of 2nd period - Stopped by Samuel Ersson without a rebound.
16:32 of 2nd period - Shane Pinto wins face-off versus Morgan Frost in Philadelphia Flyers zone.
16:55 of 2nd period - Minor Penalty to Erik Gudbranson for Interference.
16:56 of 2nd period - Jonathan Toews wins face-off versus Shane Pinto in Ottawa Senators zone.
16:57 of 2nd period - Wrist shot by Travis Konecny.
16:57 of 2nd period - Deflect By Noah Cates.
16:57 of 2nd period - Goal by Noah Cates - Philadelphia Flyers : 3 - Ottawa Senators : 1.
16:58 of 2nd period - Scott Laughton wins face-off versus Tim Stutzle in neutral zone.
17:03 of 2nd period - Slapshot by Vince Dunn.
17:03 of 2nd period - Deflect By Owen Tippett.
17:03 of 2nd period - Stopped by Jeremy Swayman with a rebound.
17:05 of 2nd period - Wrist shot by Jack Drury.
17:05 of 2nd period - Stopped by Jeremy Swayman with a rebound.
17:07 of 2nd period - Backhand shot by Travis Hamonic.
17:07 of 2nd period - Deflect By Tim Stutzle.
17:07 of 2nd period - Stopped by Jeremy Swayman without a rebound.
17:08 of 2nd period - Tim Stutzle wins face-off versus Scott Laughton in Ottawa Senators zone.
17:21 of 2nd period - Slapshot by Vince Dunn.
17:21 of 2nd period - Shot Blocked by Owen Tippett.
17:23 of 2nd period - Slapshot by Travis Hamonic.
17:23 of 2nd period - Shot Blocked by Nick Seeler.
17:25 of 2nd period - Slapshot by Travis Hamonic.
17:25 of 2nd period - Shot Blocked by Vladimir Tarasenko.
17:27 of 2nd period - Snap shot by Jack Drury.
17:27 of 2nd period - Deflect By Vladimir Tarasenko.
17:27 of 2nd period - Stopped by Jeremy Swayman with a rebound.
17:35 of 2nd period - Backhand shot by Vince Dunn.
17:35 of 2nd period - Shot Misses the Net.
17:37 of 2nd period - Snap shot by Jack Drury.
17:37 of 2nd period - Deflect By Scott Laughton.
17:37 of 2nd period - Stopped by Jeremy Swayman with a rebound.
17:39 of 2nd period - Slapshot by Garnet Hathaway.
17:39 of 2nd period - Stopped by Jeremy Swayman with a rebound.
17:41 of 2nd period - Wrist shot by Jack Drury.
17:41 of 2nd period - Goal by Jack Drury - Philadelphia Flyers : 4 - Ottawa Senators : 1.
17:42 of 2nd period - Claude Giroux wins face-off versus Jonathan Toews in neutral zone.
17:59 of 2nd period - Wrist shot by Travis Konecny.
17:59 of 2nd period - Shot Misses the Net.
18:13 of 2nd period - Wrist shot by Morgan Frost.
18:13 of 2nd period - Stopped by Jeremy Swayman without a rebound.
18:14 of 2nd period - Shane Pinto wins face-off versus Morgan Frost in Ottawa Senators zone.
19:33 of 2nd period - Slapshot by Vince Dunn.
19:33 of 2nd period - Deflect By Christian Fischer.
19:33 of 2nd period - Stopped by Jeremy Swayman with a rebound.
19:48 of 2nd period - Minor Penalty to Miles Wood for Holding.
19:49 of 2nd period - Drake Batherson wins face-off versus Mark Kastelic in Philadelphia Flyers zone.
Goals for this period are 3 for Philadelphia Flyers vs 0 for Ottawa Senators.
Shots for this period are 20 for Philadelphia Flyers vs 11 for Ottawa Senators.

3rd period


0:01 of 3rd period - Mark Kastelic wins face-off versus Claude Giroux in neutral zone.
0:26 of 3rd period - Travis Hamonic is hit by Vladimir Tarasenko and loses puck.
1:48 of 3rd period - Penalty to Miles Wood is over, Miles Wood is back on ice.
2:21 of 3rd period - Vladimir Tarasenko is hit by Mark Kastelic and loses puck.
3:07 of 3rd period - Tim Stutzle is hit by Christian Fischer and loses puck.
3:24 of 3rd period - Evgenii Dadonov is hit by Morgan Frost and loses puck.
3:45 of 3rd period - Wrist shot by Travis Konecny.
3:45 of 3rd period - Stopped by Jeremy Swayman with a rebound.
4:12 of 3rd period - Owen Tippett is hit by Christian Fischer and loses puck.
4:23 of 3rd period - Erik Gudbranson is hit by Travis Konecny and loses puck.
4:47 of 3rd period - Ryan Poehling is hit by Cal Foote and loses puck.
6:08 of 3rd period - Mathieu Joseph is hit by Travis Konecny and loses puck.
6:12 of 3rd period - Jake Muzzin is hit by Travis Hamonic and loses puck.
6:36 of 3rd period - 10 Minutes Misconduct Penalty to Brady Tkachuk is over.
6:55 of 3rd period - Drake Batherson is hit by Mark Kastelic and loses puck.
7:02 of 3rd period - Slapshot by Christian Fischer.
7:02 of 3rd period - Stopped by Jeremy Swayman with a rebound.
7:04 of 3rd period - Slapshot by Mark Kastelic.
7:04 of 3rd period - Goal by Mark Kastelic - Philadelphia Flyers : 5 - Ottawa Senators : 1.
7:05 of 3rd period - Jonathan Toews wins face-off versus Tim Stutzle in neutral zone.
7:12 of 3rd period - Wrist shot by Travis Konecny.
7:12 of 3rd period - Stopped by Jeremy Swayman without a rebound.
7:13 of 3rd period - Jonathan Toews wins face-off versus Tim Stutzle in Ottawa Senators zone.
7:34 of 3rd period - Slapshot by Noah Dobson.
7:34 of 3rd period - Stopped by Samuel Ersson without a rebound.
7:35 of 3rd period - Claude Giroux wins face-off versus Scott Laughton in Philadelphia Flyers zone.
7:41 of 3rd period - Brady Tkachuk beats up Garnet Hathaway.
7:41 of 3rd period - Penalty to Brady Tkachuk for Fighting.
7:41 of 3rd period - Penalty to Garnet Hathaway for Fighting.
7:42 of 3rd period - Tim Stutzle wins face-off versus Scott Laughton in Philadelphia Flyers zone.
7:42 of 3rd period - Noah Dobson is hit by Travis Hamonic and loses puck.
7:45 of 3rd period - Snap shot by Owen Tippett.
7:45 of 3rd period - Deflect By Tim Stutzle.
7:45 of 3rd period - Shot Misses the Net.
7:45 of 3rd period - Puck is out of play.
7:46 of 3rd period - Tim Stutzle wins face-off versus Scott Laughton in Philadelphia Flyers zone.
8:38 of 3rd period - Snap shot by Shane Pinto.
8:38 of 3rd period - Stopped by Samuel Ersson with a rebound.
8:40 of 3rd period - Slapshot by Nick Seeler.
8:40 of 3rd period - Stopped by Samuel Ersson without a rebound.
8:41 of 3rd period - Noah Cates wins face-off versus Claude Giroux in Philadelphia Flyers zone.
8:41 of 3rd period - Noah Cates is hit by Drake Batherson.
8:55 of 3rd period - Snap shot by Claude Giroux.
8:55 of 3rd period - Stopped by Samuel Ersson with a rebound.
8:57 of 3rd period - Snap shot by Claude Giroux.
8:57 of 3rd period - Stopped by Samuel Ersson without a rebound.
8:58 of 3rd period - Tim Stutzle wins face-off versus Morgan Frost in Philadelphia Flyers zone.
9:31 of 3rd period - Slapshot by Drake Batherson.
9:31 of 3rd period - Stopped by Samuel Ersson with a rebound.
11:18 of 3rd period - Icing by Brandon Saad.
11:19 of 3rd period - Shane Pinto wins face-off versus Morgan Frost in Ottawa Senators zone.
11:30 of 3rd period - Snap shot by Morgan Frost.
11:30 of 3rd period - Stopped by Jeremy Swayman with a rebound.
11:32 of 3rd period - Snap shot by Miles Wood.
11:32 of 3rd period - Shot Misses the Net.
11:34 of 3rd period - Snap shot by Josh Norris.
11:34 of 3rd period - Stopped by Jeremy Swayman with a rebound.
11:52 of 3rd period - Snap shot by Tim Stutzle.
11:52 of 3rd period - Deflect By Vladimir Tarasenko.
11:52 of 3rd period - Stopped by Samuel Ersson without a rebound.
11:53 of 3rd period - Tim Stutzle wins face-off versus Scott Laughton in Philadelphia Flyers zone.
14:04 of 3rd period - Wrist shot by Tim Stutzle.
14:04 of 3rd period - Shot Misses the Net.
14:06 of 3rd period - Slapshot by Jake Muzzin.
14:06 of 3rd period - Deflect By Vladimir Tarasenko.
14:06 of 3rd period - Shot Blocked by Vince Dunn.
14:06 of 3rd period - Puck is out of play.
14:07 of 3rd period - Scott Laughton wins face-off versus Tim Stutzle in Philadelphia Flyers zone.
14:18 of 3rd period - Snap shot by Scott Laughton.
14:18 of 3rd period - Shot Blocked by Vladimir Tarasenko.
14:34 of 3rd period - Snap shot by Tim Stutzle.
14:34 of 3rd period - Stopped by Samuel Ersson with a rebound.
14:36 of 3rd period - Slapshot by Owen Tippett.
14:36 of 3rd period - Shot Misses the Net.
14:38 of 3rd period - Snap shot by Artem Zub.
14:38 of 3rd period - Stopped by Samuel Ersson with a rebound.
14:40 of 3rd period - Wrist shot by Tim Stutzle.
14:40 of 3rd period - Shot Misses the Net.
14:42 of 3rd period - Slapshot by Jake Muzzin.
14:42 of 3rd period - Deflect By Christian Fischer.
14:42 of 3rd period - Stopped by Samuel Ersson with a rebound.
14:44 of 3rd period - Snap shot by Artem Zub.
14:44 of 3rd period - Stopped by Samuel Ersson with a rebound.
14:46 of 3rd period - Slapshot by Artem Zub.
14:46 of 3rd period - Stopped by Samuel Ersson with a rebound.
14:48 of 3rd period - Wrist shot by Vladimir Tarasenko.
14:48 of 3rd period - Deflect By Tim Stutzle.
14:48 of 3rd period - Stopped by Samuel Ersson without a rebound.
14:49 of 3rd period - Shane Pinto wins face-off versus Morgan Frost in Philadelphia Flyers zone.
14:49 of 3rd period - Jake Sanderson is hit by Vince Dunn and loses puck.
15:02 of 3rd period - Slapshot by Vince Dunn.
15:02 of 3rd period - Shot Misses the Net.
15:41 of 3rd period - Travis Sanheim is hit by Brandon Saad and loses puck.
16:01 of 3rd period - Snap shot by Shane Pinto.
16:01 of 3rd period - Stopped by Samuel Ersson with a rebound.
16:03 of 3rd period - Slapshot by Artem Zub.
16:03 of 3rd period - Deflect By Brandon Saad.
16:03 of 3rd period - Shot Misses the Net.
16:03 of 3rd period - Puck is out of play.
16:04 of 3rd period - Morgan Frost wins face-off versus Claude Giroux in Philadelphia Flyers zone.
16:19 of 3rd period - Claude Giroux is hit by Sean Walker and loses puck.
17:14 of 3rd period - Nick Seeler is hit by Mark Kastelic and loses puck.
18:05 of 3rd period - Noah Dobson is hit by Jack Drury and loses puck.
18:40 of 3rd period - Jake Muzzin is hit by Christian Fischer and loses puck.
19:21 of 3rd period - Wrist shot by Ryan Poehling.
19:21 of 3rd period - Stopped by Samuel Ersson with a rebound.
19:23 of 3rd period - Snap shot by Mathieu Joseph.
19:23 of 3rd period - Shot Misses the Net.
19:25 of 3rd period - Wrist shot by Ryan Poehling.
19:25 of 3rd period - Stopped by Samuel Ersson with a rebound.
19:27 of 3rd period - Snap shot by Parker Kelly.
19:27 of 3rd period - Stopped by Samuel Ersson with a rebound.
19:29 of 3rd period - Slapshot by Artem Zub.
19:29 of 3rd period - Stopped by Samuel Ersson without a rebound.
19:30 of 3rd period - Jonathan Toews wins face-off versus Claude Giroux in Philadelphia Flyers zone.
Goals for this period are 1 for Philadelphia Flyers vs 0 for Ottawa Senators.
Shots for this period are 6 for Philadelphia Flyers vs 18 for Ottawa Senators.